Map: Rainfall LE

Players

GhostRobo

  • Race: Terran Terran
  • League: Silver
  • Spawn Location: 5:00

A.I. 1 (Very Easy)

  • Race: Protoss Protoss
  • Spawn Location: 11:00

VOD

Have the link to the VOD?

Description

Time

  • Played on: July 12, 2026, 1:41 p.m.
  • Length: 11:26
Show
View Real Time Build Order
Export as new Build Order

GhostRobo Terran 

Build Orders: Reaper Expand 

Get SALT Encoding   

  8  0:00  SCV  
  9  0:12  SCV  
  10  0:27  SCV  
  11  0:29  Supply Depot  
  11  0:39  SCV  
  12  0:53  Barracks  
  12  0:59  Refinery  
  12  1:02  SCV  
  13  1:17  SCV  
  14  1:29  SCV  
  15  1:43  Orbital Command  
  15  1:44  Reaper  
  16  2:11  Command Center  
  16  2:14  SCV  
  17  2:29  Supply Depot, Marine  
  18  2:34  SCV  
  19  2:46  SCV  
  20  2:52  Barracks Reactor  
  20  2:54  Factory  
  20  3:04  SCV  
  21  3:17  SCV  
  22  3:23  Orbital Command  
  22  3:28  Marine x2  
  22  3:29  SCV  
  25  3:36  Refinery  
  25  3:41  SCV  
  26  3:42  Factory Tech Lab  
  26  3:43  Starport  
  26  3:46  Marine  
  26  3:47  Marine  
  28  3:48  SCV  
  28  3:53  SCV  
  31  4:02  SCV  
  31  4:04  Marine x2  
  31  4:09  SCV, Siege Tank  
  37  4:15  SCV  
  38  4:21  Starport Tech Lab  
  38  4:26  Supply Depot, SCV  
  38  4:27  SCV  
  40  4:36  Marine x2  
  42  4:46  Supply Depot  
  42  4:47  Supply Depot, SCV x2, Raven  
  46  4:56  Marine x2  
  46  4:57  Barracks x2  
  48  5:01  SCV  
  49  5:08  Supply Depot  
  49  5:10  Siege Tank  
  52  5:16  SCV x2  
  54  5:26  Marine x2  
  56  5:36  Starport Reactor  
  56  5:39  Command Center  
  56  5:40  SCV x2  
  58  5:44  Marine  
  58  5:47  Refinery  
  58  5:48  Refinery  
  59  5:50  Engineering Bay  
  59  5:54  Engineering Bay, Barracks Reactor  
  59  5:55  SCV x2  
  61  5:58  Marine  
  61  6:01  Siege Tank  
  61  6:02  Marine  
  66  6:05  Stimpack  
  66  6:08  SCV x2  
  68  6:20  SCV x2  
  70  6:28  Medivac  
  70  6:29  Marine x2  
  74  6:35  Terran Infantry Weapons Level 1  
  74  6:37  Supply Depot  
  74  6:39  Supply Depot  
  74  6:40  Terran Infantry Armor Level 1  
  74  6:50  Marine x2, SCV x2  
  74  6:51  Supply Depot, Marauder  
  74  6:52  Supply Depot  
  59  6:54  Orbital Command  
  80  7:03  SCV  
  80  7:04  SCV, Supply Depot  
  80  7:06  Supply Depot  
  80  7:08  Marine  
  82  7:14  Orbital Command  
  82  7:15  SCV  
  84  7:16  SCV  
  85  7:30  SCV  
  85  7:31  SCV, Marine x2  
  85  7:32  Marine  
  85  7:33  Siege Tank  
  85  7:34  Medivac x2  
  85  7:35  Marine  
  98  7:43  SCV x2  
  100  7:45  Armory  
  100  7:48  Combat Shield  
  100  7:50  Marine x2  
  104  7:51  Marauder  
  104  8:00  Marine x2  
  104  8:01  Barracks  
  104  8:03  Barracks  
  104  8:04  Medivac  
  104  8:05  Siege Tank  
  111  8:07  SCV x2  
  111  8:10  Marine x2  
  117  8:13  Marauder, Medivac  
  117  8:19  SCV  
  120  8:27  Marine x2  
  120  8:33  Terran Vehicle Weapons Level 1  
  124  8:34  Marauder  
  124  8:37  Terran Infantry Weapons Level 2  
  124  8:39  Terran Infantry Armor Level 2  
  124  8:41  SCV x2  
  126  8:47  Refinery x2  
  126  8:48  Marine x3  
  127  8:50  Barracks Reactor, Barracks Tech Lab  
  127  8:51  Marine  
  127  8:53  SCV x2  
  134  8:55  Marauder  
  134  9:05  SCV  
  135  9:20  Supply Depot  
  135  9:21  Supply Depot  
  135  9:23  Marine x4, Marauder  
  135  9:24  Marauder  
  143  9:41  Marine x3, SCV x2, Siege Tank  
  143  9:42  Marine  
  143  9:43  SCV  
  143  9:45  Marauder  
  155  9:47  Supply Depot  
  155  9:48  Supply Depot, Marine  
  155  9:49  Marine, Marauder  
  159  9:59  Supply Depot  
  159  10:01  Supply Depot  
  159  10:08  Marine x3  
  159  10:09  Medivac, SCV x3, Marine  
  159  10:10  Marauder, Supply Depot  
  159  10:11  Command Center, Marine x3  
  173  10:19  Supply Depot  
  173  10:21  Supply Depot, SCV x3, Siege Tank  
  178  10:26  Marine x2  
  181  10:30  Marauder  
  181  10:32  Marine  
  181  10:33  Marine x2, SCV x3, Marauder  
  191  10:43  Supply Depot  
  191  10:45  SCV x3  
  194  10:52  Barracks  
  194  10:53  Siege Tank, Barracks  
  194  10:56  Barracks  
  197  10:57  SCV  
  197  10:58  Factory  
  197  10:59  Starport  
Show
View Real Time Build Order
Export as new Build Order

A.I. 1 (Very Easy) Protoss 

Build Orders:  

Get SALT Encoding   

  8  0:00  Probe  
  9  0:13  Probe  
  10  0:25  Probe  
  11  0:37  Probe  
  12  0:47  Pylon  
  12  0:49  Probe  
  13  1:01  Probe  
  13  1:06  Assimilator  
  14  1:11  Gateway  
  14  1:16  Pylon  
  14  1:45  Assimilator  
  14  1:46  Probe  
  15  1:54  Probe  
  15  2:00  Cybernetics Core  
  16  2:02  Probe  
  17  2:10  Probe  
  18  2:20  Probe  
  19  2:32  Probe  
  19  2:36  Warp Gate, Stalker  
  22  2:52  Pylon  
  22  2:59  Stalker  
  24  3:33  Zealot  
  26  4:23  Probe  
  26  5:39  Probe, Zealot  
  26  5:40  Pylon  
  26  5:42  Robotics Facility  
  29  5:51  Probe  
  30  6:03  Probe  
  31  6:13  Probe  
  32  6:21  Probe  
  27  6:29  Observer, Probe  
  28  6:35  Stalker  
  31  6:47  Observer  
  32  7:17  Nexus  
  32  7:30  Zealot  
  34  8:13  Observer  
  34  8:30  Probe  
  35  8:34  Assimilator  
  35  8:37  Probe  
  35  8:40  Assimilator  
  36  8:44  Probe  
  36  8:47  Probe  
  38  8:59  Probe  
  39  9:04  Probe  
  40  9:13  Probe  
  41  9:20  Probe  
  42  9:25  Probe  
  43  9:32  Probe  
  43  9:38  Probe  
  44  9:45  Probe  
  46  9:56  Probe  
  47  10:03  Probe  
  48  11:14  Gateway  
  48  11:17  Robotics Bay  
  50  11:20  Stargate  
  50  11:22  Pylon  
Tags
 
League
Silver
Matchup
PvT
Spawn Locations
Cross Positions
Add a new tag
Caveats
  • Supply blocks, unpowered buildings, or Contaminate may cause inaccurate times.
  • Supply counts are checked every 10 seconds.